 Dungeon Crawl Stone Soup version 0.29.1-15-g9cfb28693d (webtiles) character file.

Game seed: 2574510219272109966

105 hawla the Firebug (level 5, -1/57 HPs)
             Began as a Meteoran Fire Elementalist on Apr 25, 2023.
             Slain by a gnoll
             ... wielding a +0 flail
             ... led by a gnoll bouda
              (10 damage)
             ... on level 4 of the Dungeon.
             The game lasted 00:02:05 (213 turns).

hawla the Firebug (Meteoran Fire Elementalist)       Turns: 213, Time: 00:02:05

Health: -1/57      AC: 22    Str:  9    XL:     5   Next: 30%
Magic:  2/11       EV:  2    Int: 18    God:
Gold:   6          SH:  0    Dex: 15    Spells: 8/11 levels left

rFire   . . .      SeeInvis .   (no weapon)
rCold   . . .      Faith    .   (no shield)
rNeg    . . .      Spirit   .   (body armour currently unavailable)
rPois   +          Reflect  .   (helmet currently unavailable)
rElec   .          Harm     .   (cloak currently unavailable)
rCorr   .          Rampage  .   (gloves currently unavailable)
Will    .....      NoTele   +   (boots currently unavailable)
Stlth   +.........              (no amulet)
HPRegen 0.19/turn               (no ring)
MPRegen 0.12/turn               (no ring)

@: tree-form, glowing
A: stationary, stasis, torment immunity, boosted hp, sense surroundings 1,
otherworldly, glowing, explore regen
a: no special abilities


You were on level 4 of the Dungeon.
You were a tree.
You visited 1 branch of the dungeon, and saw 4 of its levels.

You collected 6 gold pieces.

Inventory:

Armour
 a - a +0 robe (melded)
Wands
 g - a wand of iceblast (8) (quivered)
Scrolls
 c - a scroll of brand weapon {unknown}
 d - a scroll of identify {unknown}
 e - a scroll of immolation {unknown}
Potions
 b - a potion of magic


   Skills:
 - Level 0.1 Fighting
 - Level 2.8 Dodging
 - Level 1.4 Stealth
 - Level 3.7 Spellcasting
 - Level 1.4 Conjurations
 - Level 4.9 Fire Magic
 + Level 2.3 Evocations


You had 8 spell levels left.
You knew the following spells:

 Your Spells              Type           Power      Damage    Failure   Level
a - Foxfire               Conj/Fire      60%        2x1d7     4%          1
b - Scorch                Fire           42%        2d7       3%          2

Your spell library contained the following spells:

 Spells                   Type           Power      Damage    Failure   Level
 Conjure Flame            Conj/Fire      15%        6-21      12%         3
 Inner Flame              Hex/Fire       12%        N/A       16%         3
 Flame Wave               Conj/Fire      15%        2d7       36%         4


Dungeon Overview and Level Annotations

Branches:
Dungeon (4/15) Zot: 2186
 Temple: D:4-7

Altars:


Innate Abilities, Weirdness & Mutations

You are a tree.
Your roots penetrate the ground, keeping you stationary.
You cannot be teleported.
You are immune to unholy pain and torment.
Your maximum health is greatly increased.
Your equipment is partially melded.
You passively map a small area around you.
You are easily found by Zot.
You glow in the dark.
You regain HP and MP as you explore.


Message History

Unknown command.
You hit the gnoll but do no damage.
The gnoll is lightly wounded.
The foxfire hits the gnoll.
The gnoll is moderately wounded.
The foxfire hits the gnoll.
The gnoll is severely wounded.
The foxfire hits the gnoll.
The gnoll is severely wounded.
The gnoll hits you with a +0 club. The gnoll barely misses you.
The endoplasm attacks as you move away!
The endoplasm hits you but does no damage.
The gnoll attacks as you move away! The gnoll closely misses you.
The ball python barely misses you. The ball python grabs you.
The ball python constricts you.
You escape the ball python's grasp.
The gnoll attacks as you move away! The gnoll hits you with a +0 flail!
* * * LOW HITPOINT WARNING * * *
Found a club.
The ball python barely misses you. The ball python grabs you.
The ball python constricts you.
You escape the ball python's grasp.
Found a glowing helmet.
The gnoll attacks as you move away! The gnoll hits you with a +0 flail!
* * * LOW HITPOINT WARNING * * *
The endoplasm attacks as you move away! The endoplasm barely misses you.
The ball python bites you but does no damage.
The ball python grabs you. The ball python constricts you.
* * * LOW HITPOINT WARNING * * *
You escape the ball python's grasp.
The endoplasm attacks as you move away! The endoplasm closely misses you.
There is an open door here.
The endoplasm attacks as you move away! The endoplasm hits you.
* * * LOW HITPOINT WARNING * * *
The endoplasm jiggles.
It was a potion of lignification.
You turn into a tree.
Your +0 robe melds into your body.
Your roots penetrate the ground.
The gnoll hits you but does no damage.
Casting: Foxfire (safe; 4% risk of failure)
Confirm with . or Enter, or press ? or * to list all spells.
You conjure some foxfire!
The gnoll hits you with a +0 flail!
You die...

, , , , , , , , ... , , *
, * ... , , , ,, * , ,
#... ####### ##########.
#...##.....###..........,
#............#Jvv.......
,
#..........gSg.g♣.......
#...........g#.J.)[.....
#...##'#######..........
*
#...#...gg......##+###..
, #...#.g.J.).....# * .
#...+...........#,, * ,
###'#...........# ,
................# ,
................ * ,,


You could see 4 gnolls, 2 endoplasms and a ball python.

Vanquished Creatures
  A scorpion (D:4)
  A gnoll bouda (D:4)
  A gnoll (D:4)
  A worm (D:2)
  3 endoplasms
  A goblin (D:4)
  A frilled lizard (D:2)
  2 kobolds (D:1)
11 creatures vanquished.

Vanquished Creatures (others)
  49 foxfires
49 creatures vanquished.

Grand Total: 60 creatures vanquished

Notes
Turn   | Place    | Note
-------+----------+-------------------------------------------
     0 | D:1      | hawla the Meteoran Fire Elementalist began the quest for
                  | the Orb.
     0 | D:1      | Reached XP level 1. HP: 14/14 MP: 5/5
    66 | D:2      | Reached skill level 4 in Fire Magic
    66 | D:2      | Reached XP level 2. HP: 20/20 MP: 0/7
    69 | D:2      | Learned a level 2 spell: Scorch
   136 | D:4      | Noticed a scorpion
   150 | D:4      | Killed a scorpion
   151 | D:4      | Reached XP level 3. HP: 12/26 MP: 0/9
   151 | D:4      | Reached XP level 4. HP: 16/33 MP: 0/10
   190 | D:4      | Reached skill level 1 in Evocations
   193 | D:4      | Reached XP level 5. HP: 35/38 MP: 2/11
   213 | D:4      | Slain by a gnoll

Illustrated notes

Levels and vault maps discovered:
D:1:      wander_arrival_estate, layout_basic, dreamdust_ecumenical_altar_grove
D:2:      layout_loops_ring, basic_altar, minivault_23
D:3:      layout_loops_corners, mainiacjoe_overflow_alcove_4, uniq_grinder
D:4:      layout_gridville, serial_shops, shop, kennysheep_generic_room_13

Skill      XL: |  1  2  3  4 |
---------------+-------------+-----
Spellcasting   | 3 |  3.7
Fire Magic     | 4 |  4.9
Evocations     | 2 |  2.3
Fighting       | |  0.1
Dodging        | |  2.8
Stealth        | |  1.4
Conjurations   | |  1.4

Action                   |  1- 3 |  4- 6 || total
-------------------------+-------+-------++-------
Melee: Unarmed           |     1 |     1 ||     2
 Cast: Foxfire           |    11 |    16 ||    27
       Scorch            |     4 |       ||     4
  Use: Potion            |       |     1 ||     1
Armor: Robe              |       |     2 ||     2
       Skin              |       |     1 ||     1
Dodge: Dodged            |     6 |     7 ||    13
